AoeStats
← b556672

Black Forest

505898138Analyzed
4v4 RM · 19d ago on Sep 11, 2026· 54m 56s· 8 players
Game mode
Random Map
Map size
Large (8 player)
Population
200
Speed
Normal
Resources
Standard
Victory
Conquest
Starting age
Dark Age
Ending age
Imperial Age
RankedLock teamsTeams togetherTeam positionsShared explorationLock speedFull tech treeHidden civsTurbo modeCheats
Victory
Defeat
🇨🇳 Franks · China
1245
+12
🇮🇩 Bohemians · Indonesia
1150
+16
🇯🇵 Mongols · Japan
1065
+20
🇨🇳 Poles · China
1043
+21
🇹🇼 Vietnamese · Taiwan
1175
-18
🇹🇼 Bohemians · Taiwan
1151
-17
🇹🇼 Berbers · Taiwan
1150
-17
🇰🇷 Poles · South Korea
1147
-46
b556672
6:30 Loom
12:28 Feudal Age
13:56 Double-Bit Axe
13:57 Fishing Lines
14:11 Horse Collar
16:32 Castle Age
17:21 Wheelbarrow
17:40 Bow Saw
17:50 Gillnets
21:03 Heavy Plow
22:12 Clinker Construction
23:54 Hand Cart
26:41 Gold Mining
26:41 Stone Mining
31:06 Imperial Age
29:13 Fletching
29:23 Padded Archer Armor
29:31 Thumb Ring
29:30 Caravan
29:41 Elite Skirmisher
31:04 Leather Archer Armor
31:27 Ballistics
30:55 Town Watch
31:12 Imperial Skirmisher
31:51 Bodkin Arrow
34:22 Chemistry
33:24 Bracer
33:55 Ring Archer Armor
34:40 Paper Money
36:30 Siege Engineers
36:48 Carvel Hull
38:01 Two-Man Saw
37:18 Guilds
37:38 Coinage
38:19 Elite Rattan Archer
39:03 Pikeman
39:44 Squires
41:38 Scale Mail Armor
41:41 Crossbowman
43:25 Arbalester
46:05 Murder Holes
47:55 Forging
48:00 Chain Mail Armor
RARRY
10:36 Feudal Age
14:30 Castle Age
12:51 Double-Bit Axe
12:47 Horse Collar
15:30 Bow Saw
19:58 Wheelbarrow
20:31 Heavy Plow
22:27 Gold Mining
22:27 Stone Mining
27:43 Imperial Age
25:33 Hand Cart
25:39 Town Watch
26:02 Scale Barding Armor
26:07 Forging
26:54 Ballistics
28:26 Iron Casting
28:11 Chain Barding Armor
28:05 Husbandry
28:15 Bloodlines
27:27 Light Cavalry
28:49 Stone Shaft Mining
27:55 Cavalier
29:54 Crop Rotation
30:35 Blast Furnace
29:28 Fletching
29:38 Padded Archer Armor
29:56 Winged Hussar
30:54 Szlachta Privileges
31:18 Conscription
31:10 Caravan
32:17 Elite Obuch
33:22 Lechitic Legacy
35:48 Siege Engineers
36:06 Elite Obuch
39:50 Onager
jasonpanex
12:52 Feudal Age
17:30 Castle Age
17:00 Fishing Lines
17:24 Double-Bit Axe
18:16 Bloodlines
18:28 Loom
20:10 Gillnets
21:39 Husbandry
24:06 Wheelbarrow
23:17 Town Watch
26:55 Gold Mining
27:00 Light Cavalry
29:09 Forging
29:04 Scale Barding Armor
31:39 Chain Barding Armor
31:56 Iron Casting
31:50 Bow Saw
37:29 Imperial Age
35:39 Gold Shaft Mining
34:54 Stone Mining
37:33 Cavalier
37:33 Heavy Camel Rider
37:59 Hussar
38:01 Cavalier
38:07 Heavy Camel Rider
40:00 Chemistry
39:07 Siege Engineers
41:15 Plate Barding Armor
xenyu0216
1:01 Loom
13:14 Feudal Age
18:51 Castle Age
16:42 Double-Bit Axe
18:00 Horse Collar
20:06 Bow Saw
26:08 Horse Collar
30:13 Imperial Age
29:29 Wheelbarrow
28:29 Pikeman
29:46 Scale Mail Armor
29:56 Forging
31:14 Chemistry
30:18 Halberdier
31:35 Conscription
38:04 Squires
37:49 Arson
38:54 Houfnice
44:43 Iron Casting
44:23 Chain Mail Armor
46:06 Town Watch
TempYuraa
10:51 Feudal Age
11:44 Double-Bit Axe
14:39 Castle Age
12:24 Horse Collar
15:45 Bow Saw
15:35 Heavy Plow
19:48 Wheelbarrow
25:17 Hand Cart
28:15 Imperial Age
25:58 Loom
25:58 Town Watch
27:19 Chemistry
26:01 Treadmill Crane
26:43 Ballistics
26:34 Masonry
27:18 Forging
27:09 Scale Mail Armor
27:40 Town Patrol
28:40 Iron Casting
28:28 Wagenburg Tactics
28:06 Pikeman
28:46 Squires
28:31 Arson
29:22 Chain Mail Armor
28:50 Halberdier
28:51 Halberdier
30:59 Blast Furnace
30:33 Plate Mail Armor
31:14 Conscription
31:24 Houfnice
35:13 Coinage
34:44 Caravan
35:24 Onager
37:18 Two-Man Saw
41:56 Banking
41:36 Guilds
44:22 Elite Hussite Wagon
46:21 Fletching
46:40 Siege Engineers
47:06 Architecture
48:38 Bodkin Arrow
有个小草
1:17 Loom
11:41 Feudal Age
15:31 Castle Age
14:05 Double-Bit Axe
17:44 Bow Saw
23:09 Wheelbarrow
24:59 Pikeman
27:12 Hand Cart
27:21 Gold Mining
32:05 Imperial Age
31:19 Husbandry
30:39 Light Cavalry
31:31 Scale Barding Armor
31:36 Forging
32:09 Cavalier
32:55 Caravan
34:14 Conscription
34:27 Scale Mail Armor
34:48 Chain Barding Armor
35:04 Iron Casting
34:20 Fletching
40:15 Paladin
41:35 Plate Barding Armor
42:00 Blast Furnace
45:50 Gold Shaft Mining
45:06 Stone Mining
45:48 Chivalry
46:25 Hoardings
51:08 Bodkin Arrow
51:29 Chain Mail Armor
51:14 Padded Archer Armor
53:44 #83
52:44 Elite Throwing Axeman
54:54 Plate Mail Armor
54:40 Leather Archer Armor
54:44 Block Printing
54:39 Fervor
54:55 Illumination
54:26 Herbal Medicine
55:06 Theocracy
54:52 Sanctity
370085982
0:27 Loom
12:03 Feudal Age
16:33 Castle Age
15:47 Horse Collar
15:56 Double-Bit Axe
24:23 Heavy Plow
28:09 Bow Saw
31:15 Imperial Age
30:21 Wheelbarrow
32:44 Scale Barding Armor
32:50 Forging
32:05 Pikeman
32:46 Squires
32:31 Arson
32:27 Cavalier
33:20 Szlachta Privileges
33:36 Conscription
33:40 Lechitic Legacy
33:36 Bloodlines
33:27 Husbandry
33:20 Light Cavalry
34:44 Chain Barding Armor
34:59 Iron Casting
34:12 Winged Hussar
36:08 Crop Rotation
39:27 Blast Furnace
38:28 Scale Mail Armor
38:30 Padded Archer Armor
38:20 Fletching
sada-aki
8:57 Loom
11:22 Feudal Age
12:21 Double-Bit Axe
16:27 Castle Age
17:22 Bow Saw
18:41 Horse Collar
26:05 Caravan
29:45 Imperial Age
28:27 Wheelbarrow
28:18 Gold Mining
28:22 Stone Mining
29:46 Hand Cart
29:50 Capped Ram
30:54 Drill
31:56 Chemistry
30:41 Siege Ram
32:26 Ballistics
32:13 Heavy Scorpion
34:14 Siege Engineers
39:21 Coinage
41:31 Banking
49:36 Town Watch
50:03 Forging
49:54 Scale Mail Armor
50:00 Scale Barding Armor
49:45 Fletching
49:56 Padded Archer Armor
50:02 Atonement
50:13 Fervor
50:03 Devotion
50:24 Heresy
50:00 Herbal Medicine
50:18 Masonry
50:04 Murder Holes
50:19 Fortified Wall
50:00 Guard Tower
50:21 Careening
50:21 Clinker Construction
50:17 Siphons
53:28 Spies/Treason
Connection lost

Rejoining the realm…

Still unreachable

The connection could not be restored.

Session expired

The server has moved on; the page needs a fresh start.